 Dungeon Crawl Stone Soup version 0.31-a0-180-g519b7de00c (webtiles) character file.

Game seed: 14343475923560367410

10425 qw the Cleaver (level 11, -3/68 HPs)
             Began as a Gargoyle Fighter on June 19, 2023.
             Was an Elder of Okawaru.
             Slain by Erolcha
             ... wielding a +4 giant club
              (28 damage)
             ... on level 11 of the Dungeon.
             The game lasted 00:04:50 (9551 turns).

qw the Cleaver (Gargoyle Fighter)                   Turns: 9551, Time: 00:04:50

Health: -3/68      AC: 27    Str: 24    XL:     11   Next: 61%
Magic:  14/14      EV:  6    Int:  9    God:    Okawaru [****..]
Gold:   473        SH: 10    Dex:  9    Spells: 10/10 levels left

rFire   . . .        u - +4 war axe
rCold   . . .        f - +0 kite shield
rNeg    + . .        c - +0 plate armour
rPois   inf          j - +1 helmet
rElec   +            v - +0 cloak
rCorr   +            (no gloves)
SInv    .            h - +1 pair of boots
Will    +....        (no amulet) Stlth
                     w - ring of willpower
HPRegen 0.31/turn    q - ring of resist corrosion
MPRegen 0.14/turn

%: no passive effects
@: slowed, very slow
A: sickness immunity, AC +8, negative energy resistance 1, electricity
resistance, torment resistance 1, petrification resistance
a: Renounce Religion, Heroism, Finesse


You were on level 11 of the Dungeon.
You worshipped Okawaru.
Okawaru was greatly pleased with you.
You visited 2 branches of the dungeon, and saw 12 of its levels.

You collected 473 gold pieces.


Innate Abilities, Weirdness & Mutations

You are immune to sickness and miasma.
Your stone body is resilient. (AC +8)
You are immune to poison.
You resist negative energy. (rN+)
You are resistant to electric shocks. (rElec)
You are resistant to unholy torment.
You are immune to petrification.


   Skills:
 - Level 8.2 Fighting
 - Level 11.1 Axes
 - Level 3.3 Throwing
 + Level 7.3 Armour
 - Level 1.0 Dodging
 - Level 9.4 Shields
 + Level 4.6 Invocations


You had 10 spell levels left.
You didn't know any spells.
Your spell library was empty.

Inventory:

Hand Weapons
 o - a +0 flail
 u - a +4 war axe (weapon)
Missiles
 m - 14 boomerangs (quivered)
Armour
 c - a +0 plate armour (worn)
 f - a +0 kite shield (worn)
 h - a +1 pair of boots (worn)
 j - a +1 helmet (worn)
 v - a +0 cloak (worn)
Jewellery
 q - a ring of resist corrosion (right hand)
 r - a ring of ice
 w - a ring of willpower (left hand)
 Y - a ring of positive energy
Wands
 g - a wand of digging (5)
Scrolls
 i - 3 scrolls of identify
 x - a scroll of teleportation
Potions
 a - a potion of cancellation
 b - 5 potions of curing
 d - a potion of might
 e - a potion of enlightenment
 k - 3 potions of mutation
 l - a potion of heal wounds
 p - 2 potions of lignification

Dungeon Overview and Level Annotations

Branches:
Dungeon (12/15)            Temple (1/1) D:5             Orc (0/2) D:12
   Lair: D:8-11

Altars:
Ashenzari
Cheibriados
Dithmenos
Elyvilon
Gozag
Hepliaklqana
Kikubaaqudgha
Makhleb
Nemelex Xobeh
Okawaru
Qazlal
Ru
Sif Muna
Trog
Uskayaw
Vehumet
Wu Jian
Xom
Yredelemnul
Zin
The Shining One

Shops:
D:9 :

Annotations:
D:4 1 runed translucent door, Crazy Yiuf
D:11 Erolcha


Message History

The wraith is moderately damaged.
The wraith closely misses you.
You slash the wraith!
The wraith is heavily damaged.
You block the wraith's attack.
You hit the wraith but do no damage.
The wraith is heavily damaged.
The wraith hits you. The wraith drains your vigour!
You feel as though you will be slow longer.
Erolcha mumbles some strange words.
Erolcha flickers and vanishes!
Deactivating autopickup; reactivate with Ctrl-A.
You closely miss the wraith.
The wraith is heavily damaged.
The wraith hits you but does no damage. x2
You hit the wraith.
The wraith is heavily damaged.
The wraith hits you. The wraith drains your vigour!
You feel as though you will be slow longer.
You barely miss the wraith.
The wraith is heavily damaged.
The wraith hits you but does no damage.
You hit the wraith.
The wraith is severely damaged.
You block the wraith's attack.
You slash the wraith!
You destroy the wraith!
Okawaru accepts your kill.
You closely miss something. Something hits you but does no damage.
You closely miss something.
You feel like a meek peon again. You block something's attack.
You hit something. Something hits you!
You slash something! You block something's attack.
You slash something! Something hits you!!
You die...

...
.(.
#.#
#.#
#.#
#.#
#{#
#@#
#.#
#.#
#?#
#.#
#.#
#.##
#..#
##.#


There were no monsters in sight!

Vanquished Creatures
  Gastronok (D:8)
  Josephine (D:11)
  A two-headed ogre (D:9)
  A boulder beetle (D:12)
  An ugly thing (D:12)
  A troll (D:12)
  A hornet (D:11)
  Sigmund (D:4)
  2 wyverns (D:9)
  4 wraiths (D:11)
  A steam dragon (D:5)
  12 yaks
  Grum (D:11)
  2 orc warriors
  2 ice beasts
  2 ogres
  2 wolves (D:11)
  4 centaurs
  A phantom (D:5)
  Blork the orc (D:4)
  A kobold brigand (D:9)
  6 bullfrogs
  A gnoll sergeant (D:9)
  3 scorpions
  8 wights
  7 killer bees
  A howler monkey (D:5)
  2 quasits (D:7)
  4 hounds
  2 jellies
  A sleepcap (D:6)
  5 orc priests
  Jessica (D:2)
  Terence (D:2)
  5 iguanas
  7 orc wizards
  5 gnolls (D:9)
  5 adders
  9 shadow imps (D:7)
  4 white imps (D:7)
  2 ufetubi (D:7)
  3 worms
  36 orcs
  10 endoplasms
  7 giant cockroaches
  9 goblins
  8 hobgoblins
  4 jackals (D:3)
  6 quokkas
  10 ball pythons
  7 bats
  4 frilled lizards
  9 kobolds
  3 rats
238 creatures vanquished.

Notes
Turn   | Place    | Note
-------+----------+-------------------------------------------
     0 | D:1      | qw the Gargoyle Fighter began the quest for the Orb.
     0 | D:1      | Reached XP level 1. HP: 14/14 MP: 1/1
     0 | D:1      | 0 ||| qw: Version: 0.3-a-7-ge0c9b40
     0 | D:1      | 0 ||| qw: Game counter: 1053
     0 | D:1      | 0 ||| qw: Always use a shield: true
     0 | D:1      | 0 ||| qw: God list: Okawaru
     0 | D:1      | 0 ||| qw: Allow faded altars: false
     0 | D:1      | 0 ||| qw: Do Orc after D:15 true
     0 | D:1      | 0 ||| qw: Do second Lair branch before Depths: true
     0 | D:1      | 0 ||| qw: Lair rune preference: random
     0 | D:1      | 0 ||| qw: Plans: Normal, Zot:1-4, Slime:5, God:TSO, Crypt,
                  | Tomb, Abyss, Pan, Hells, Win
     0 | D:1      | 0 ||| PLANNING D:1-11
    47 | D:1      | Reached skill level 2 in Axes
   129 | D:1      | Reached XP level 2. HP: 19/19 MP: 2/2
   291 | D:1      | 291 ||| Stepping ~*~*~tactically~*~*~ (stealth).
   320 | D:1      | 320 ||| Stepping ~*~*~tactically~*~*~ (stealth).
   322 | D:1      | 322 ||| Stepping ~*~*~tactically~*~*~ (stealth).
   353 | D:1      | Reached skill level 3 in Axes
   438 | D:1      | Reached XP level 3. HP: 23/23 MP: 3/3
   451 | D:1      | 451 ||| Stepping ~*~*~tactically~*~*~ (hiding).
   452 | D:1      | 452 ||| Stepping ~*~*~tactically~*~*~ (hiding).
  1055 | D:1      | 1055 ||| UPGRADING to +0 kite shield.
  1065 | D:1      | 1065 ||| DROPPING +0 buckler.
  1066 | D:1      | 1066 ||| UPGRADING to +1 pair of boots.
  1071 | D:1      | 1071 ||| UPGRADING to +0 chain mail.
  1081 | D:1      | 1081 ||| DROPPING +0 scale mail.
  1082 | D:1      | 1082 ||| UPGRADING to +0 helmet.
  1087 | D:1      | 1087 ||| READING scroll labelled QOK UD CAXTAQU.
  1088 | D:1      | 1088 ||| READING scroll labelled DONESYKHLUE.
  1131 | D:2      | 1131 ||| Stepping ~*~*~tactically~*~*~ (hiding).
  1133 | D:2      | 1133 ||| Stepping ~*~*~tactically~*~*~ (hiding).
  1134 | D:2      | 1134 ||| Stepping ~*~*~tactically~*~*~ (hiding).
  1135 | D:2      | 1135 ||| Stepping ~*~*~tactically~*~*~ (hiding).
  1360 | D:2      | Noticed Jessica
  1361 | D:2      | 1361 ||| Stepping ~*~*~tactically~*~*~ (hiding).
  1362 | D:2      | 1362 ||| Stepping ~*~*~tactically~*~*~ (hiding).
  1376 | D:2      | Killed Jessica
  1377 | D:2      | Reached XP level 4. HP: 28/28 MP: 4/4
  1556 | D:2      | Found a snail-covered altar of Cheibriados.
  1750 | D:2      | Noticed Terence
  1767 | D:2      | Killed Terence
  1788 | D:2      | 1788 ||| DROPPING +0 club.
  2041 | D:2      | 2041 ||| UPGRADING to +0 plate armour.
  2051 | D:2      | 2051 ||| DROPPING +0 chain mail.
  2052 | D:2      | 2052 ||| UPGRADING to ring of positive energy.
  2053 | D:2      | 2053 ||| READING scroll labelled AWUETE XUFEREI.
  2054 | D:2      | 2054 ||| READING scroll labelled FANKIE WYTZYEQ.
  2074 | D:2      | 2074 ||| DRINKING 3 murky clear potions.
  2261 | D:3      | 2261 ||| Stepping ~*~*~tactically~*~*~ (hiding).
  2263 | D:3      | 2263 ||| Stepping ~*~*~tactically~*~*~ (hiding).
  2267 | D:3      | Reached skill level 4 in Axes
  2270 | D:3      | Reached XP level 5. HP: 32/32 MP: 5/5
  2503 | D:3      | 2503 ||| Stepping ~*~*~tactically~*~*~ (stealth).
  2504 | D:3      | 2504 ||| Stepping ~*~*~tactically~*~*~ (stealth).
  2529 | D:3      | 2529 ||| READING scroll of enchant weapon.
  2529 | D:3      | 2529 ||| ENCHANTING +1 war axe.
  2574 | D:3      | 2574 ||| Stepping ~*~*~tactically~*~*~ (stealth).
  2589 | D:3      | 2589 ||| Stepping ~*~*~tactically~*~*~ (stealth).
  3033 | D:3      | 3033 ||| READING scroll labelled ACLYUSE WACZOP.
  3034 | D:3      | 3034 ||| READING scroll labelled RIOJ DOHOUFA.
  3035 | D:3      | 3035 ||| READING scroll labelled EGEUCRE OTOUL.
  3055 | D:4      | Noticed Sigmund
  3056 | D:4      | 3056 ||| Stepping ~*~*~tactically~*~*~ (hiding).
  3058 | D:4      | 3058 ||| Stepping ~*~*~tactically~*~*~ (hiding).
  3059 | D:4      | 3059 ||| Stepping ~*~*~tactically~*~*~ (hiding).
  3060 | D:4      | 3060 ||| Stepping ~*~*~tactically~*~*~ (hiding).
  3061 | D:4      | 3061 ||| Stepping ~*~*~tactically~*~*~ (hiding).
  3065 | D:4      | 3065 ||| DRINKING 3 potions of curing.
  3065 | D:4      | 3065 ||| (to cure confusion)
  3070 | D:4      | Killed Sigmund
  3071 | D:4      | Reached skill level 6 in Shields
  3071 | D:4      | Reached XP level 6. HP: 37/37 MP: 6/6
  3192 | D:4      | 3192 ||| Stepping ~*~*~tactically~*~*~ (stealth).
  3193 | D:4      | 3193 ||| Stepping ~*~*~tactically~*~*~ (stealth).
  3197 | D:4      | 3197 ||| Stepping ~*~*~tactically~*~*~ (stealth).
  3272 | D:4      | Found a runed translucent door.
  3273 | D:4      | Noticed Crazy Yiuf
  3323 | D:4      | Noticed Blork the orc
  3341 | D:4      | Killed Blork the orc
  3441 | D:4      | Found a glowing silver altar of Zin.
  3471 | D:4      | 3471 ||| Stepping ~*~*~tactically~*~*~ (stealth).
  3474 | D:4      | Reached XP level 7. HP: 29/41 MP: 7/7
  3482 | D:4      | 3482 ||| Stepping ~*~*~tactically~*~*~ (stealth).
  3484 | D:4      | Reached skill level 5 in Axes
  3484 | D:4      | 3484 ||| Stepping ~*~*~tactically~*~*~ (stealth).
  3485 | D:4      | 3485 ||| Stepping ~*~*~tactically~*~*~ (stealth).
  3686 | D:4      | 3686 ||| Stepping ~*~*~tactically~*~*~ (hiding).
  3687 | D:4      | 3687 ||| Stepping ~*~*~tactically~*~*~ (hiding).
  3688 | D:4      | 3688 ||| Stepping ~*~*~tactically~*~*~ (hiding).
  3689 | D:4      | 3689 ||| Stepping ~*~*~tactically~*~*~ (hiding).
  3869 | D:4      | 3869 ||| READING scroll labelled BUANIT TEISELL.
  3870 | D:4      | 3870 ||| DRINKING 2 lumpy blue potions.
  3871 | D:4      | 3871 ||| READING 2 scrolls of identify.
  3871 | D:4      | 3871 ||| IDENTIFYING clear potion
  3992 | D:5      | Entered Level 5 of the Dungeon
  4113 | D:5      | Reached skill level 6 in Axes
  4302 | D:5      | 4302 ||| Stepping ~*~*~tactically~*~*~ (hiding).
  4315 | D:5      | 4315 ||| Stepping ~*~*~tactically~*~*~ (stealth).
  4320 | D:5      | Noticed a steam dragon
  4321 | D:5      | 4321 ||| Stepping ~*~*~tactically~*~*~ (stealth).
  4323 | D:5      | 4323 ||| Stepping ~*~*~tactically~*~*~ (cloud).
  4325 | D:5      | 4325 ||| Stepping ~*~*~tactically~*~*~ (cloud).
  4328 | D:5      | 4328 ||| Stepping ~*~*~tactically~*~*~ (cloud).
  4333 | D:5      | HP: 9/43 [steam dragon (4)]
  4334 | D:5      | 4334 ||| DRINKING potion of heal wounds.
  4337 | D:5      | Killed a steam dragon
  4338 | D:5      | Reached XP level 8. HP: 46/48 MP: 8/8
  4472 | D:5      | Found a staircase to the Ecumenical Temple.
  4473 | D:5      | 4473 ||| PLANNING TEMPLE
  4473 | D:5      | 4473 ||| READING scroll labelled WIORIHI OTI.
  4474 | D:5      | 4474 ||| READING scroll labelled YDOUZEFUIGGOE.
  4477 | D:5      | 4477 ||| DRINKING 3 fuming amethyst potions.
  4562 | Temple   | Entered the Ecumenical Temple
  4563 | Temple   | 4563 ||| PLANNING OKAWARU WORSHIP
  4641 | Temple   | Became a worshipper of Warmaster Okawaru
  4642 | Temple   | 4642 ||| PLANNING D:1-11
  4869 | D:6      | 4869 ||| READING scroll of enchant armour.
  4869 | D:6      | 4869 ||| ENCHANTING +0 helmet.
  4982 | D:6      | Reached skill level 7 in Axes
  5050 | D:6      | 5050 ||| Stepping ~*~*~tactically~*~*~ (stealth).
  5105 | D:6      | 5105 ||| DRINKING 4 potions of curing.
  5105 | D:6      | 5105 ||| (to cure confusion)
  5120 | D:6      | HP: 10/49 [acid (5)]
  5122 | D:6      | HP: 2/49 [acid (5)]
  5123 | D:6      | Reached skill level 1 in Dodging
  5123 | D:6      | Reached * piety under Okawaru
  5144 | D:6      | 5144 ||| FLEEEEING.
  5145 | D:6      | 5145 ||| FLEEEEING.
  5146 | D:6      | 5146 ||| FLEEEEING.
  5147 | D:6      | 5147 ||| FLEEEEING.
  5148 | D:6      | 5148 ||| FLEEEEING.
  5149 | D:6      | 5149 ||| FLEEEEING.
  5150 | D:6      | 5150 ||| FLEEEEING.
  5152 | D:6      | 5152 ||| FLEEEEING.
  5153 | D:6      | 5153 ||| FLEEEEING.
  5154 | D:6      | 5154 ||| FLEEEEING.
  5155 | D:6      | 5155 ||| FLEEEEING.
  5156 | D:6      | 5156 ||| FLEEEEING.
  5157 | D:6      | 5157 ||| FLEEEEING.
  5158 | D:6      | 5158 ||| FLEEEEING.
  5159 | D:6      | 5159 ||| FLEEEEING.
  5160 | D:6      | 5160 ||| FLEEEEING.
  5161 | D:6      | 5161 ||| FLEEEEING.
  5162 | D:6      | 5162 ||| FLEEEEING.
  5163 | D:6      | 5163 ||| FLEEEEING.
  5166 | D:6      | 5166 ||| FLEEEEING.
  5167 | D:6      | 5167 ||| FLEEEEING.
  5169 | D:6      | 5169 ||| FLEEEEING.
  5170 | D:6      | 5170 ||| FLEEEEING.
  5171 | D:6      | 5171 ||| FLEEEEING.
  5172 | D:6      | 5172 ||| FLEEEEING.
  5173 | D:6      | 5173 ||| FLEEEEING.
  5174 | D:6      | 5174 ||| FLEEEEING.
  5175 | D:6      | 5175 ||| FLEEEEING.
  5176 | D:6      | 5176 ||| FLEEEEING.
  5177 | D:6      | 5177 ||| FLEEEEING.
  5178 | D:6      | 5178 ||| FLEEEEING.
  5179 | D:6      | 5179 ||| FLEEEEING.
  5180 | D:6      | 5180 ||| FLEEEEING.
  5181 | D:6      | 5181 ||| FLEEEEING.
  5182 | D:6      | 5182 ||| FLEEEEING.
  5183 | D:6      | 5183 ||| FLEEEEING.
  5184 | D:6      | 5184 ||| FLEEEEING.
  5185 | D:6      | 5185 ||| FLEEEEING.
  5186 | D:6      | 5186 ||| FLEEEEING.
  5187 | D:6      | 5187 ||| FLEEEEING.
  5188 | D:6      | 5188 ||| FLEEEEING.
  5189 | D:6      | 5189 ||| FLEEEEING.
  5190 | D:6      | 5190 ||| FLEEEEING.
  5191 | D:6      | 5191 ||| FLEEEEING.
  5193 | D:6      | 5193 ||| FLEEEEING.
  5194 | D:6      | 5194 ||| FLEEEEING.
  5195 | D:6      | 5195 ||| STAIRDANCE
  5287 | D:5      | 5287 ||| READING 2 scrolls of identify.
  5287 | D:5      | 5287 ||| IDENTIFYING golden potion
  5294 | D:6      | 5294 ||| STAIRDANCE
  5299 | D:5      | 5299 ||| INVOKING Heroism.
  5359 | D:6      | 5359 ||| STAIRDANCE
  5362 | D:5      | Reached skill level 1 in Throwing
  5713 | D:6      | Reached XP level 9. HP: 54/54 MP: 9/9
  5922 | D:6      | 5922 ||| UPGRADING to ring of resist corrosion.
  5923 | D:6      | 5923 ||| READING 3 scrolls of identify.
  5923 | D:6      | 5923 ||| IDENTIFYING fuming coppery potion
  5924 | D:6      | 5924 ||| READING 2 scrolls of identify.
  5924 | D:6      | 5924 ||| IDENTIFYING fuming inky potion
  5925 | D:6      | 5925 ||| DROPPING potion of berserk rage.
  5926 | D:6      | 5926 ||| DROPPING potion of brilliance.
  5963 | D:7      | 5963 ||| Stepping ~*~*~tactically~*~*~ (hiding).
  5978 | D:7      | Reached skill level 1 in Invocations
  6013 | D:7      | 6013 ||| FLEEEEING.
  6014 | D:7      | 6014 ||| FLEEEEING.
  6015 | D:7      | 6015 ||| FLEEEEING.
  6016 | D:7      | 6016 ||| FLEEEEING.
  6017 | D:7      | 6017 ||| FLEEEEING.
  6018 | D:7      | 6018 ||| FLEEEEING.
  6019 | D:7      | 6019 ||| FLEEEEING.
  6020 | D:7      | 6020 ||| FLEEEEING.
  6021 | D:7      | 6021 ||| FLEEEEING.
  6022 | D:7      | 6022 ||| FLEEEEING.
  6023 | D:7      | 6023 ||| FLEEEEING.
  6024 | D:7      | 6024 ||| FLEEEEING.
  6027 | D:7      | 6027 ||| FLEEEEING.
  6028 | D:7      | 6028 ||| FLEEEEING.
  6029 | D:7      | 6029 ||| FLEEEEING.
  6030 | D:7      | 6030 ||| FLEEEEING.
  6031 | D:7      | 6031 ||| FLEEEEING.
  6032 | D:7      | 6032 ||| STAIRDANCE
  6058 | D:7      | 6058 ||| INVOKING Heroism.
  6071 | D:7      | Reached skill level 8 in Axes
  6225 | D:7      | 6225 ||| INVOKING Heroism.
  6351 | D:7      | 6351 ||| Stepping ~*~*~tactically~*~*~ (hiding).
  6353 | D:7      | 6353 ||| Stepping ~*~*~tactically~*~*~ (hiding).
  6356 | D:7      | 6356 ||| Stepping ~*~*~tactically~*~*~ (hiding).
  6402 | D:7      | 6402 ||| Stepping ~*~*~tactically~*~*~ (stealth).
  6415 | D:7      | 6415 ||| Stepping ~*~*~tactically~*~*~ (stealth).
  6417 | D:7      | 6417 ||| Stepping ~*~*~tactically~*~*~ (hiding).
  6418 | D:7      | 6418 ||| Stepping ~*~*~tactically~*~*~ (hiding).
  6419 | D:7      | 6419 ||| Stepping ~*~*~tactically~*~*~ (hiding).
  6599 | D:7      | Reached skill level 6 in Fighting
  6739 | D:7      | 6739 ||| INVOKING Heroism.
  6807 | D:7      | 6807 ||| Stepping ~*~*~tactically~*~*~ (stealth).
  7004 | D:7      | 7004 ||| Stepping ~*~*~tactically~*~*~ (hiding).
  7006 | D:7      | 7006 ||| Stepping ~*~*~tactically~*~*~ (hiding).
  7008 | D:7      | 7008 ||| Stepping ~*~*~tactically~*~*~ (hiding).
  7011 | D:7      | 7011 ||| INVOKING Heroism.
  7014 | D:7      | 7014 ||| Stepping ~*~*~tactically~*~*~ (hiding).
  7092 | D:7      | Reached skill level 3 in Invocations
  7274 | D:7      | Found a snail-covered altar of Cheibriados.
  7275 | D:7      | 7275 ||| READING 2 scrolls of identify.
  7275 | D:7      | 7275 ||| IDENTIFYING bubbling red potion
  7322 | D:8      | 7322 ||| Stepping ~*~*~tactically~*~*~ (stealth).
  7323 | D:8      | 7323 ||| Stepping ~*~*~tactically~*~*~ (stealth).
  7327 | D:8      | 7327 ||| STAIRDANCE
  7372 | D:8      | 7372 ||| INVOKING Heroism.
  7381 | D:8      | Reached XP level 10. HP: 46/60 MP: 10/13
  7383 | D:8      | 7383 ||| STAIRDANCE
  7387 | D:7      | Reached skill level 9 in Axes
  7486 | D:7      | 7486 ||| SWAPPING to +3 war axe.
  7487 | D:7      | 7487 ||| DROPPING +2 war axe.
  7491 | D:7      | 7491 ||| SWAPPING to +4 war axe.
  7492 | D:7      | 7492 ||| DROPPING +3 war axe.
  7498 | D:8      | 7498 ||| STAIRDANCE
  7500 | D:7      | Reached ** piety under Okawaru
  7533 | D:8      | Noticed Gastronok
  7534 | D:8      | 7534 ||| Stepping ~*~*~tactically~*~*~ (hiding).
  7535 | D:8      | 7535 ||| INVOKING Heroism.
  7537 | D:8      | 7537 ||| Stepping ~*~*~tactically~*~*~ (hiding).
  7541 | D:8      | Reached skill level 6 in Armour
  7541 | D:8      | 7541 ||| Stepping ~*~*~tactically~*~*~ (hiding).
  7542 | D:8      | 7542 ||| Stepping ~*~*~tactically~*~*~ (hiding).
  7544 | D:8      | 7544 ||| Stepping ~*~*~tactically~*~*~ (hiding).
  7546 | D:8      | 7546 ||| Stepping ~*~*~tactically~*~*~ (hiding).
  7559 | D:8      | 7559 ||| INVOKING Heroism.
  7568 | D:8      | Killed Gastronok
  7802 | D:8      | 7802 ||| Stepping ~*~*~tactically~*~*~ (hiding).
  8220 | D:8      | 8220 ||| Stepping ~*~*~tactically~*~*~ (hiding).
  8363 | D:8      | 8363 ||| UPGRADING to +0 cloak.
  8368 | D:8      | 8368 ||| UPGRADING to ring of willpower.
  8370 | D:8      | 8370 ||| DRINKING 2 amethyst potions.
  8371 | D:8      | 8371 ||| READING 2 scrolls of identify.
  8371 | D:8      | 8371 ||| IDENTIFYING emerald potion
  8372 | D:8      | 8372 ||| DROPPING potion of invisibility.
  8373 | D:8      | 8373 ||| DROPPING potion of ambrosia.
  8420 | D:9      | Noticed a two-headed ogre
  8421 | D:9      | 8421 ||| INVOKING Heroism.
  8424 | D:9      | Killed a two-headed ogre
  8425 | D:9      | Reached skill level 9 in Shields
  8465 | D:9      | 8465 ||| INVOKING Heroism.
  8469 | D:9      | Reached *** piety under Okawaru
  8677 | D:9      | 8677 ||| Stepping ~*~*~tactically~*~*~ (stealth).
  8691 | D:9      | 8691 ||| INVOKING Heroism.
  8694 | D:9      | Reached XP level 11. HP: 38/68 MP: 11/14
  8699 | D:9      | Reached skill level 10 in Axes
  8699 | D:9      | 8699 ||| FLEEEEING.
  8700 | D:9      | 8700 ||| FLEEEEING.
  8701 | D:9      | 8701 ||| FLEEEEING.
  8702 | D:9      | 8702 ||| FLEEEEING.
  8703 | D:9      | 8703 ||| FLEEEEING.
  8834 | D:9      | Found Zimuca's Book Emporium.
  8943 | D:9      | 8943 ||| Stepping ~*~*~tactically~*~*~ (stealth).
  8969 | D:9      | Identified the +0 ring mail "Haicromo" {Contam rPois Dex+4}
  9038 | D:9      | Found a shimmering blue altar of Sif Muna.
  9066 | D:9      | You fall into a shaft and drop 3 floors!
  9171 | D:12     | Noticed a white ugly thing
  9172 | D:12     | 9172 ||| INVOKING Heroism.
  9186 | D:12     | Killed a white ugly thing
  9187 | D:12     | Reached skill level 3 in Throwing
  9292 | D:12     | 9292 ||| INVOKING Heroism.
  9309 | D:12     | Found a staircase to the Orcish Mines.
  9362 | D:12     | Noticed a boulder beetle
  9363 | D:12     | 9363 ||| INVOKING Heroism.
  9377 | D:12     | Killed a boulder beetle
  9418 | D:11     | Noticed Grum
  9419 | D:11     | 9419 ||| INVOKING Heroism.
  9436 | D:11     | Killed Grum
  9489 | D:11     | Noticed Josephine
  9508 | D:11     | Noticed Erolcha
  9509 | D:11     | 9509 ||| INVOKING Heroism.
  9528 | D:11     | Killed Josephine
  9528 | D:11     | Reached **** piety under Okawaru
  9529 | D:11     | Reached skill level 11 in Axes
  9533 | D:11     | 9533 ||| INVOKING Heroism.
  9551 | D:11     | Slain by Erolcha

Levels and vault maps discovered:
D:1:      ebering_trefoil_3fold, layout_basic, supply_closet_lemuel
D:2:      layout_loops_corners, basic_altar, uniq_terence, uniq_jessica
D:3:      layout_loops_corners, st_stairs_2
D:4:      layout_cave_pools, mainiacjoe_overflow_cross_hatched,
          uniq_blork_the_orc, uniq_crazy_yiuf_cottage, uniq_sigmund
D:5:      layout_gridville, minmay_temple_entry_junction,
          minmay_misc_feat_diagonals
D:6:      minmay_angry_zag, layout_basic, wad_floor_pattern_1
D:7:      layout_gridville, chei_slow_surprise, serial_demonic,
          serial_demonic_f, serial_demonic_c, serial_demonic_e,
          serial_demonic_d, serial_demonic_c, serial_demonic_g, serial_demonic_f
D:8:      layout_basic, uniq_gastronok
D:9:      layout_roguey, nicolae_sif_muna_condensation, serial_shops, shop
D:11:     layout_rooms, kb_lookout_dungeons_type, uniq_lodul, uniq_josephine,
          uniq_erolcha, uniq_grum
D:12:     layout_gridville, david_orc_2, kennysheep_generic_room_15
Temple:   dpeg_three_leaves_temple

Skill      XL: |  1  2  3  4  5  6  7  8  9 10 11 |
---------------+----------------------------------+-----
Axes           | 2 3 4 6 7 8 9 11 | 11.1
Shields        | 4 6 7 8 9 |  9.4
Fighting       | 4 5 6 8 |  8.2
Armour         | 4 5 6 7 |  7.3
Dodging        | 1 |  1.0
Throwing       | 1 2 3 |  3.3
Invocations    | 4 |  4.6

Action                     |  1- 3 |  4- 6 |  7- 9 | 10-12 || total
---------------------------+-------+-------+-------+-------++-------
  Melee: War axe           |    85 |   130 |   290 |   258 ||   763
  Throw: Boomerang         |     9 |    78 |    63 |    12 ||   162
         Javelin           |       |       |     5 |    22 ||    27
 Invoke: Heroism           |       |       |     6 |    11 ||    17
    Use: Scroll            |     2 |     6 |     9 |     1 ||    18
         Potion            |       |     2 |     4 |     1 ||     7
   Stab: Distracted        |       |       |     1 |       ||     1
 Armour: Scale mail        |    35 |       |       |       ||    35
         Chain mail        |     3 |    15 |       |       ||    18
         Plate armour      |       |    51 |   224 |   129 ||   404
  Dodge: Dodged            |    40 |    32 |    91 |    53 ||   216
  Block: Buckler           |    11 |       |       |       ||    11
         Kite shield       |     5 |    58 |   146 |   137 ||   346

Table legend:
 A = Non-vault XP
 B = Vault XP
 C = Vault XP percentage of total XP
 D = Non-vault monster count
 E = Vault monster count
 F = Vault count percentage of total count
                 A         B        C        D         E       F
            +---------+---------+-------+---------+---------+-------
      Total |    9637 |    5257 |  35.3 |     194 |      44 |  18.5
            +---------+---------+-------+---------+---------+-------
        D:1 |      46 |       0 |   0.0 |      27 |       0 |   0.0
        D:2 |      33 |      73 |  68.9 |      19 |       2 |   9.5
        D:3 |      36 |      20 |  35.7 |      18 |       3 |  14.3
        D:4 |     279 |     328 |  54.0 |      22 |       2 |   8.3
        D:5 |     864 |      74 |   7.9 |      13 |       1 |   7.1
        D:6 |     652 |     178 |  21.4 |      16 |       5 |  23.8
        D:7 |    2098 |     237 |  10.1 |      33 |      16 |  32.7
        D:8 |    1056 |    1539 |  59.3 |      17 |       1 |   5.6
        D:9 |    3173 |       0 |   0.0 |      26 |       0 |   0.0
       D:11 |     256 |    2192 |  89.5 |       1 |       8 |  88.9
       D:12 |    1144 |     616 |  35.0 |       2 |       6 |  75.0
            +---------+---------+-------+---------+---------+-------
